 Dungeon Crawl Stone Soup version 0.31-a0-524-g2a164cf6a2 (webtiles) character file.

Game seed: 11259139382959405740

939 AdnanSaban the Covered (level 8, -2/49 HPs)
             Began as a Gargoyle Fighter on Aug 12, 2023.
             Was a Follower of Okawaru.
             Killed by nerve-wracking pain
             ... invoked by a shadow imp
              (4 damage)
             ... on level 5 of the Dungeon.
             The game lasted 00:03:44 (3394 turns).

AdnanSaban the Covered (Gargoyle Fighter)           Turns: 3394, Time: 00:03:45

Health: -2/49      AC: 15    Str: 22    XL:     8   Next: 12%
Magic:  8/8        EV:  8    Int:  9    God:    Okawaru [*.....]
Gold:   148        SH:  4    Dex:  9    Spells: 7/7 levels left

rFire   . . .        n - +0 morningstar
rCold   . . .        c - +0 buckler
rNeg    + . .        j - +0 chain mail
rPois   ∞            (no helmet)
rElec   +            (no cloak)
rCorr   .            (no gloves)
SInv    .            (no boots)
Will    .....        (no amulet) Stlth
                     (no ring)
HPRegen 0.28/turn    (no ring)
MPRegen 0.11/turn

%: no passive effects
@: no status effects
A: sickness immunity, AC +5, negative energy resistance 1, electricity
resistance, torment resistance 1, petrification resistance
a: Renounce Religion, Heroism


You were on level 5 of the Dungeon.
You worshipped Okawaru.
Okawaru was aware of your devotion.
You visited 2 branches of the dungeon, and saw 7 of its levels.

You collected 148 gold pieces.

Inventory:

Hand Weapons
 n - a +0 morningstar (weapon)
Missiles
 k - a boomerang (quivered)
Armour
 c - a +0 buckler (worn)
 j - a +0 chain mail (worn)
Scrolls
 b - a scroll of amnesia {unknown}
 e - 3 scrolls of poison {unknown}
 f - 2 scrolls of enchant armour {unknown}
 i - a scroll of blinking {unknown}
 m - a scroll of identify {unknown}
Potions
 a - a potion of curing {unknown}
 d - 4 potions of might
 g - a potion of lignification {unknown}
 h - a potion of berserk rage {unknown}
 l - a potion of heal wounds {unknown}
 o - a potion of enlightenment {unknown}


   Skills:
 + Level 5.1 Fighting
 + Level 5.7 Maces & Flails
 + Level 6.3 Armour
 + Level 1.7 Dodging
 + Level 0.2 Stealth
 + Level 4.4 Shields


You had 7 spell levels left.
You didn't know any spells.
Your spell library contained the following spells:

 Spells                   Type           Power      Damage    Failure   Level
 Necrotise                Necr           0%         1d4       96%         1
 Ensorcelled Hibernation  Hex/Ice        0%         N/A       99%         2
 Passwall                 Tmut/Erth      0%         N/A       99%         2
 Inner Flame              Hex/Fire       0%         N/A       100%        3
 Swiftness                Air            0%         N/A       100%        3
 Vampiric Draining        Necr           0%         2d6       100%        3
 Vhi's Electric Charge    Tloc/Air       0%         N/A       100%        3
 Agony                    Necr           0%         N/A       100%        5
 Arcjolt                  Conj/Air       0%         1d10      100%        5
 Yara's Violent Unravell  Hex/Tmut       0%         3d3       100%        5
 Plasma Beam              Fire/Air       0%         2x1d10    100%        6
 Enfeeble                 Hex            0%         N/A       100%        7
 Maxwell's Capacitive Co  Air            0%         ∞         100%        8


Dungeon Overview and Level Annotations

Branches:
Dungeon (6/15)             Temple (1/1) D:4

Altars:
Ashenzari
Cheibriados
Dithmenos
Fedhas
Nemelex Xobeh
Okawaru
Qazlal
Ru
Sif Muna
Trog
Uskayaw
Wu Jian
Yredelemnul
Zin
The Shining One

Shops:
D:4 (

Annotations:
D:4 Dowan, Duvessa


Innate Abilities, Weirdness & Mutations

You are immune to sickness and miasma.
Your stone body is resilient. (AC +5)
You are immune to poison.
You resist negative energy. (rN+)
You are resistant to electric shocks. (rElec)
You are resistant to unholy torment.
You are immune to petrification.


Message History

Found a coral ring.
The orc shouts!
The orc priest shouts! x2
A shadow imp comes into view.
The shadow imp shouts, "Bolt, thou clouted base-court scut!"
The orc priest mumbles some strange prayers to Beogh against you.
Beogh smites you!
An orc priest comes into view. It is wielding a +0 trident.
The orc priest shouts!
You puncture the orc priest!
You kill the orc priest!
Okawaru accepts your kill. The orc hits you with a +0 flail.
The orc priest mumbles some strange prayers to Beogh against you.
Beogh smites you!
You hit the orc priest but do no damage.
The orc hits you with a +0 flail.
* * * LOW HITPOINT WARNING * * *
The orc priest casts a cantrip, but nothing happens.
The shadow imp gestures at you. Pain shoots through your body!
* * * LOW HITPOINT WARNING * * *
The orc priest closely misses you. The orc hits you but does no damage.
You completely miss the orc priest. The orc hits you but does no damage.
The orc priest hits you with a +0 mace.
* * * LOW HITPOINT WARNING * * *
You puncture the orc priest!
The orc priest is severely wounded.
The orc hits you but does no damage. The orc priest hits you with a +0 mace.
* * * LOW HITPOINT WARNING * * *
You thump the orc priest!
You kill the orc priest!
Okawaru accepts your kill. The orc hits you but does no damage.
The orc priest hits you but does no damage.
The shadow imp hits you but does no damage.
Your Fighting skill increases to level 5!
The orc priest closely misses you. The shadow imp gestures at you.
Pain shoots through your body!
You die...

#......# ######.....#
#....).....#
#..........#
#..........#
#..........##########
#.............=......
#......####.o5.......
#......# #..@o......
#...... #..........
###### #..........
#...?......
#.....##### #######


You could see an orc priest, a shadow imp and an orc.

Vanquished Creatures
  A gargoyle (D:6)
  A centaur (D:4)
  A scorpion (D:6)
  A howler monkey (D:6)
  A jelly (D:4)
  3 hounds
  2 orc priests (D:5)
  4 orc wizards
  9 adders
  An ufetubus (D:6)
  A worm (D:3)
  5 dart slugs
  8 orcs
  6 ball pythons
  6 endoplasms
  A giant cockroach (D:1)
  12 goblins
  2 hobgoblins
  13 jackals
  A quokka (D:2)
  14 bats
  5 frilled lizards
  11 kobolds
  4 rats
113 creatures vanquished.

Vanquished Creatures (others)
  A rat (D:3)
1 creature vanquished.

Grand Total: 114 creatures vanquished

Notes
Turn   | Place    | Note
-------+----------+-------------------------------------------
     0 | D:1      | AdnanSaban the Gargoyle Fighter began the quest for the
                  | Orb.
     0 | D:1      | Reached XP level 1. HP: 14/14 MP: 1/1
    57 | D:1      | Reached XP level 2. HP: 16/19 MP: 2/2
   147 | D:1      | Reached XP level 3. HP: 22/23 MP: 3/3
   610 | D:2      | Reached XP level 4. HP: 29/29 MP: 4/4
  1312 | D:3      | Reached XP level 5. HP: 33/33 MP: 5/5
  1630 | D:3      | Found a blossoming altar of Fedhas.
  1910 | D:3      | Reached skill level 4 in Armour
  2031 | D:4      | Found Bacadaen's Antique Weapon Emporium.
  2032 | D:4      | Noticed Dowan
  2042 | D:4      | Noticed Duvessa
  2271 | D:4      | Reached skill level 5 in Armour
  2271 | D:4      | Reached XP level 6. HP: 12/38 MP: 6/6
  2687 | D:4      | Found a staircase to the Ecumenical Temple.
  2695 | Temple   | Entered the Ecumenical Temple
  2708 | Temple   | Became a worshipper of Warmaster Okawaru
  2933 | D:4      | You fall into a shaft and drop 2 floors!
  2962 | D:6      | Reached XP level 7. HP: 42/44 MP: 7/7
  3071 | D:6      | Noticed a gargoyle
  3078 | D:6      | Killed a gargoyle
  3078 | D:6      | Reached * piety under Okawaru
  3079 | D:6      | Reached skill level 5 in Maces & Flails
  3079 | D:6      | Reached skill level 6 in Armour
  3079 | D:6      | Reached skill level 1 in Dodging
  3214 | D:5      | Entered Level 5 of the Dungeon
  3264 | D:5      | Found a sparkling altar of Nemelex Xobeh.
  3333 | D:5      | Reached XP level 8. HP: 47/48 MP: 8/8
  3392 | D:5      | HP: 1/48 [orc priest/+0 mace (5)]
  3394 | D:5      | Reached skill level 5 in Fighting
  3394 | D:5      | Killed from afar by a shadow imp

Illustrated notes

Levels and vault maps discovered:
D:1:      lightli_molten_gateway, layout_rooms
D:2:      layout_loops_cross
D:3:      layout_loops_cross, lemuel_doored_altar
D:4:      layout_loops_corners, minmay_temple_entry_mini_moons, serial_bayou,
          serial_bayou_pond_e, serial_bayou_pond_c, serial_bayou_lagoon_b,
          serial_bayou_shore_a, serial_shops, nicolae_shop_waterfront,
          kennysheep_crisscross, uniq_duvessa
D:5:      layout_basic, mainiacjoe_overflow_big_doors,
          nemelex_xobeh_ov_fountains_minmay, lemuel_zombie_altar_kikubaaqudgha,
          grunt_ministairs_9
D:6:      layout_loops_cross, elyvilon_altar_3, uniq_menkaure
Temple:   dshaligram_water_room_temple

Skill      XL: |  1  2  3  4  5  6  7  8 |
---------------+-------------------------+-----
Maces & Flails | 3 4 5 |  5.7
Shields        | 4 |  4.4
Armour         | 5 6 |  6.3
Fighting       | 4 5 |  5.1
Dodging        | 1 |  1.7
Stealth        | |  0.2

Action                     |  1- 3 |  4- 6 |  7- 9 || total
---------------------------+-------+-------+-------++-------
  Melee: Flail             |   137 |   186 |       ||   323
         Morningstar       |       |     8 |    89 ||    97
 Armour: Scale mail        |    65 |       |       ||    65
         Chain mail        |    35 |   140 |    75 ||   250
  Dodge: Dodged            |    87 |    82 |    39 ||   208
  Block: Buckler           |    41 |    51 |    20 ||   112

Table legend: (Time is in decaauts)
 A = Elapsed time spent in this place.
 B = Non-inter-level travel time spent in this place.
 C = Inter-level travel time spent in this place.
 D = Time resting spent in this place.
 E = Time spent auto-exploring this place.
 F = Levels seen in this place.
 G = Mean time per level.
                   A        B        C        D        E       F      G
               +--------+--------+--------+--------+--------+-----+--------+
         Total |   3516 |   3386 |    130 |    457 |   1996 |   7 |  502.3 |
       Dungeon |   3443 |   3313 |    130 |    411 |   1996 |   6 |  573.8 |
        Temple |     72 |     72 |      0 |     46 |      0 |   1 |   72.0 |
               +--------+--------+--------+--------+--------+-----+--------+

Top non-repeatable levels by time:
     D:3: 844 daAuts
     D:4: 791 daAuts
     D:2: 697 daAuts
     D:1: 624 daAuts
     D:6: 294 daAuts
     D:5: 191 daAuts
  Temple: 72 daAuts
